 Dungeon Crawl Stone Soup version 0.32-a0-875-g23b751d0ae (webtiles) character file.

Game seed: 10535989440496455489

8029 Glaciallarry the Firebug (level 11, 0/73 (84) HPs)
             Began as a Demonspawn Alchemist on Dec 27, 2023.
             Was a Priest of Sif Muna.
             Slain by a wight
             ... wielding a +3 battleaxe
              (5 damage)
             ... on level 10 of the Dungeon on Mar 31, 2024.
             The game lasted 00:52:21 (12322 turns).

Glaciallarry the Firebug (Demonspawn Alchemist)    Turns: 12322, Time: 00:52:22

HP:   0/73 (84)     AC: 17    Str:  9    XL:     11   Next: 4%
MP:   20/20         EV: 13    Int: 20    God:    Sif Muna [***...]
Gold: 196           SH:  0    Dex: 13    Spells: 8/22 levels left

rFire   + . .        g - +0 dagger
rCold   + . .        (no shield)
rNeg    . . .        a - +0 robe
rPois   .            (helmet restricted)
rElec   .            t - +2 cloak
rCorr   .            (no gloves)
SInv    .            (no boots)
Will    .....        x - amulet of magic regeneration
Stlth   ++           c - ring of protection from fire
HPRegen 0.32/turn    Q - ring of protection from cold
MPRegen 0.17/turn

%: no passive effects
@: sanguine armoured, heavily drained
A: horns 2, sanguine armour 3
a: Renounce Religion, Channel Magic, Forget Spell


You were on level 10 of the Dungeon.
You worshipped Sif Muna.
Sif Muna was most pleased with you.
You visited 2 branches of the dungeon, and saw 11 of its levels.
You also visited: Bailey.

You collected 661 gold pieces.
You spent 465 gold pieces at shops.

Inventory:

Hand Weapons
 g - a +0 dagger (weapon)
 K - a +4 morningstar
 M - the +8 flail "Derodgh" {antimagic, Int+2 Dex+2}
   (You found it on level 9 of the Dungeon)

   Int+2:     It affects your intelligence (+2).
   Dex+2:     It affects your dexterity (+2).
 R - a +1 spear of pain
Missiles
 n - 46 poisoned darts
 w - a curare-tipped dart
Armour
 a - a +0 robe (worn)
 t - a +2 cloak (worn)
 y - an orb of energy
 B - a +1 cloak of stealth
 L - a +2 ring mail of cold resistance
Jewellery
 c - a ring of protection from fire (left hand)
 j - an amulet of the acrobat
 p - an amulet of guardian spirit
 x - an amulet of magic regeneration (around neck)
 Q - a ring of protection from cold (right hand)
Wands
 A - a wand of charming (9)
 D - a wand of light (6)
 F - a wand of polymorph (7)
 H - a wand of flame (41)
Scrolls
 d - a scroll of blinking
 e - a scroll of acquirement
 h - 2 scrolls of teleportation
 i - a scroll of noise
 l - 4 scrolls of fog
 o - 5 scrolls of enchant weapon
 r - a scroll of amnesia
 u - 6 scrolls of enchant armour
 v - 2 scrolls of vulnerability {unknown}
 z - a scroll of torment {unknown}
Potions
 b - a potion of invisibility
 f - 6 potions of curing
 k - 3 potions of heal wounds
 m - 3 potions of enlightenment
 q - 4 potions of mutation
 s - a potion of degeneration
 C - 2 potions of haste
 E - 2 potions of attraction
 G - a potion of brilliance {unknown}
 I - a potion of cancellation
 J - a potion of might
 N - a potion of magic
 O - a potion of berserk rage
 P - a potion of resistance


   Skills:
 - Level 7.0 Fighting
 - Level 2.0 Maces & Flails
 - Level 3.0 Throwing
 - Level 5.0 Dodging
 - Level 3.0 Stealth
 - Level 6.0 Spellcasting
 - Level 4.0 Conjurations
 + Level 7.2 Fire Magic
 - Level 3.0 Air Magic
 - Level 7.0 Alchemy
 - Level 6.0 Invocations


You had 8 spell levels left.
You knew the following spells:

 Your Spells              Type           Power      Damage    Failure   Level
a - Sting                 Conj/Alch      100%       1d9       1%          1
b - Mercury Vapours       Alch/Air       52%        N/A       1%          2
c - Mephitic Cloud        Conj/Alch/Air  24%        N/A       4%          3
d - Ignite Poison         Fire/Alch      34%        N/A       5%          4
e - Olgreb's Toxic Radia  Alch           34%        N/A       6%          4

Your spell library contained the following spells:

 Spells                   Type           Power      Damage    Failure   Level
 Magic Dart               Conj           88%        1d7       1%          1
 Cigotuvi's Dreadful Rot  Necr/Alch/Air  38%        N/A       4%          2
 Sticky Flame             Fire/Alch      34%        2d7       5%          4
 Swiftness                Air            18%        N/A       9%          3
 Dazzling Flash           Conj/Hex       28%        N/A       14%         3
 Blink                    Tloc           12%        N/A       16%         2
 Call Imp                 Summ           12%        N/A       16%         2
 Ensorcelled Hibernation  Hex/Ice        12%        N/A       16%         2
 Passwall                 Erth           6%         N/A       30%         3
 Summon Ice Beast         Ice/Summ       6%         N/A       30%         3
 Freezing Cloud           Conj/Ice/Air   7%         6-21      75%         5
 Silence                  Hex/Air        6%         N/A       83%         5
 Curse of Agony           Necr           6%         N/A       96%         5
 Summon Mana Viper        Hex/Summ       6%         N/A       96%         5
 Monstrous Menagerie      Summ           3%         N/A       100%        7


Dungeon Overview and Level Annotations

Branches:
Dungeon (10/15)            Temple (1/1) D:5          Bailey (visited)
   Lair: D:8-11         Orc: D:9-12

Altars:
Ashenzari
Cheibriados
Dithmenos
Fedhas
Gozag
Hepliaklqana
Kikubaaqudgha
Makhleb
Nemelex Xobeh
Okawaru
Qazlal
Ru
Sif Muna
Trog
Uskayaw
Vehumet
Wu Jian
Xom
Yredelemnul

Shops:
D:1 [   D:2 :   D:9 !

Annotations:
D:6 exclusion: 3 wights
D:8 2 transporters, euphoricsektor's ghost, novice TrBe


Innate Abilities, Weirdness & Mutations

You have a pair of horns on your head.
When seriously injured, your blood forms very thick armour. (AC +12)


Message History

You closely miss the wight. You headbutt the wight!
The wight is severely damaged.
The wight hits you with a +1 scimitar.
* * * LOW HITPOINT WARNING * * *
The wight misses you.
You hit the wight but do no damage.
You headbutt the wight, but do no damage.
The wight is severely damaged.
The wight misses you. The wight hits you but does no damage.
You closely miss the wight.
You headbutt the wight, but do no damage.
The wight is severely damaged.
The wight closely misses you. x2
You hit the wight but do no damage. Your headbutt misses the wight.
The wight is severely damaged.
The wight hits you with a +1 scimitar.
* * * LOW HITPOINT WARNING * * *
You feel drained. The wight misses you.
You hit the wight.
The wight is almost destroyed.
The wight hits you with a +1 scimitar.
* * * LOW HITPOINT WARNING * * *
The wight hits you but does no damage.
You hit the wight but do no damage. You headbutt the wight.
You destroy the wight!
Sif Muna accepts your kill. The wight barely misses you.
Things that are here:
a +1 scimitar; a +0 robe
Okay, then.
Okay, then.
Okay, then.
You barely miss the wight. You hit the wight but do no damage.
The wight misses you.
You closely miss the wight. The wight hits you with a +3 battleaxe!
* * * LOW HITPOINT WARNING * * *
You hit the wight. You headbutt the wight!
The wight is heavily damaged.
The wight hits you with a +3 battleaxe.
You die...

.#####
#.....#########
.# #.....# ##
###'###########
#..#........#
##..........#ß
###........!.
#.....~~~..
#..z~≈≈≈...
#.@)≈≈≈~...
#..~~≈~~..#
...........#
#...........#
#.........[.#
#......####..
#......# #.
#......#


You could see a wight.

Vanquished Creatures
  Joseph (D:9)
  Jeremiah (D:8)
  A hornet (D:9)
  A blink frog (shapeshifter) (D:8)
  3 yaks (D:10)
  A steam dragon (D:7)
  4 wyverns
  Grum (D:8)
  4 vampire mosquitoes
  An acid dragon (D:10)
  A water moccasin (D:7)
  4 ice beasts
  2 sky beasts
  2 black bears
  11 orc warriors
  2 ogres (D:5)
  3 wolves
  A phantom (D:6)
  4 centaurs
  7 kobold brigands
  A gnoll sergeant (D:10)
  4 bullfrogs
  4 scorpions
  5 wights
  6 howler monkeys
  A jelly (D:5)
  A bombardier beetle (D:6)
  An iron imp (D:4)
  A hound (D:5)
  2 orc priests
  A gnoll bouda (D:5)
  Crazy Yiuf (D:5)
  7 iguanas
  3 sleepcaps
  3 orc wizards
  11 adders
  10 gnolls
  2 shadow imps
  2 white imps (D:7)
  2 ufetubi (D:7)
  A ribbon worm (D:3)
  2 dart slugs (D:2)
  40 orcs
  6 endoplasms
  6 giant cockroaches
  7 goblins
  3 hobgoblins
  11 jackals
  16 kobolds
  4 quokkas
  6 ball pythons
  7 bats
  3 frilled lizards
  9 rats
244 creatures vanquished.

Notes
Turn   | Place    | Note
-------+----------+-------------------------------------------
     0 | D:1      | Glaciallarry the Demonspawn Alchemist began the quest for
                  | the Orb.
     0 | D:1      | Reached XP level 1. HP: 13/13 MP: 3/3
   393 | D:1      | Gained mutation: You have a pair of small horns on your
                  | head. [demonic ancestry]
   393 | D:1      | Reached XP level 2. HP: 19/19 MP: 3/5
   779 | D:1      | Found Yrheqet's Antique Armour Boutique.
  1558 | D:2      | Learned a level 2 spell: Mercury Vapours
  1694 | D:2      | Gained mutation: You have a pair of horns on your head.
                  | [demonic ancestry]
  1694 | D:2      | Reached XP level 3. HP: 24/24 MP: 0/6
  1817 | D:2      | Reached skill level 1 in Air Magic
  1963 | D:2      | Reached XP level 4. HP: 30/30 MP: 2/7
  2198 | D:2      | Found Koipsunu's Book Shoppe.
  2610 | D:2      | Found a faded altar of an unknown god.
  2973 | D:3      | Gained mutation: When seriously injured, your blood forms
                  | armour. (AC +12) [demonic ancestry]
  2973 | D:3      | Reached XP level 5. HP: 32/35 MP: 4/8
  4143 | D:4      | Reached skill level 5 in Alchemy
  4433 | D:4      | Found a snail-covered altar of Cheibriados.
  4533 | D:4      | Reached XP level 6. HP: 42/42 MP: 4/10
  4789 | D:5      | Entered Level 5 of the Dungeon
  4789 | D:5      | Noticed an orc warrior
  4919 | D:5      | Reached skill level 1 in Fighting
  5074 | D:5      | Killed an orc warrior
  5125 | D:5      | Reached XP level 7. HP: 22/50 MP: 0/11
  5385 | D:5      | Found a staircase to the Ecumenical Temple.
  5411 | Temple   | Entered the Ecumenical Temple
  5481 | Temple   | Became a worshipper of Sif Muna the Loreminder
  5688 | D:5      | Learned a level 3 spell: Mephitic Cloud
  5872 | D:5      | Found a runed translucent door.
  5873 | D:5      | Noticed Crazy Yiuf
  5974 | D:5      | Reached skill level 1 in Invocations
  5979 | D:5      | Gained mutation: When seriously injured, your blood forms
                  | thick armour. (AC +12) [demonic ancestry]
  5979 | D:5      | Reached XP level 8. HP: 52/58 MP: 3/14
  6355 | D:5      | Killed Crazy Yiuf
  6610 | D:6      | Reached skill level 1 in Fire Magic
  6681 | D:6      | Upgraded the game from 0.31-a0-1439-g542172135e to
                  | 0.32-a0-18-g89e19f1974
  7102 | D:6      | Reached skill level 5 in Dodging
  7102 | D:6      | Reached XP level 9. HP: 34/65 MP: 12/15
  8191 | D:7      | Learned a level 4 spell: Ignite Poison
  8313 | D:7      | Reached skill level 5 in Fire Magic
  8337 | D:6      | Reached * piety under Sif Muna
  8510 | D:7      | Reached skill level 5 in Fighting
  9118 | D:7      | Found an ancient bone altar of Kikubaaqudgha.
  9269 | D:8      | Noticed Jeremiah
  9269 | D:8      | Noticed Grum
  9275 | D:8      | Killed Jeremiah
  9276 | D:8      | Reached skill level 5 in Spellcasting
  9426 | D:7      | Gained mutation: When seriously injured, your blood forms
                  | very thick armour. (AC +12) [demonic ancestry]
  9426 | D:7      | Reached XP level 10. HP: 20/76 MP: 3/17
  9511 | D:8      | Killed Grum
  9517 | D:8      | Found a blossoming altar of Fedhas.
  9553 | D:8      | Found a flagged portal.
  9593 | Bailey   | Entered a bailey
  9634 | Bailey   | Reached ** piety under Sif Muna
  9850 | Bailey   | Reached skill level 1 in Throwing
 10347 | D:8      | Reached skill level 5 in Invocations
 10511 | D:8      | Found a shimmering altar of Xom.
 10730 | D:8      | Noticed euphoricsektor's ghost (novice TrBe)
 10792 | D:8      | Found a transporter.
 10800 | D:8      | Found a transporter.
 10840 | D:8      | Found a sparkling altar of Nemelex Xobeh.
 10840 | D:8      | Found a basalt altar of Yredelemnul.
 10849 | D:8      | Found an iron altar of Okawaru.
 10850 | D:8      | Found a stormy altar of Qazlal.
 11039 | D:8      | Learned a level 4 spell: Olgreb's Toxic Radiance
 11069 | D:9      | Identified the +8 flail "Derodgh" {antimagic, Int+2 Dex+2}
 11075 | D:9      | Noticed Joseph
 11093 | D:9      | Killed Joseph
 11284 | D:9      | Reached *** piety under Sif Muna
 11441 | D:9      | Found Huph's Distillery.
 11449 | D:9      | Bought a potion of magic for 120 gold pieces
 11449 | D:9      | Bought a potion of berserk rage for 75 gold pieces
 11449 | D:9      | Bought a potion of curing for 45 gold pieces
 11449 | D:9      | Bought a potion of resistance for 150 gold pieces
 11449 | D:9      | Bought a potion of enlightenment for 75 gold pieces
 11465 | D:9      | Reached skill level 1 in Maces & Flails
 11592 | D:9      | Upgraded the game from 0.32-a0-18-g89e19f1974 to
                  | 0.32-a0-119-g2e8054a333
 11928 | D:10     | Entered Level 10 of the Dungeon
 12007 | D:10     | Reached XP level 11. HP: 20/84 MP: 10/20
 12290 | D:10     | Upgraded the game from 0.32-a0-119-g2e8054a333 to
                  | 0.32-a0-141-g04fe69798e
 12290 | D:10     | Upgraded the game from 0.32-a0-141-g04fe69798e to
                  | 0.32-a0-875-g23b751d0ae
 12290 | D:10     | Identified the ring "Hifo" {*Slow rPois rC+ rN+}
 12322 | D:10     | Slain by a wight

Illustrated notes

Levels and vault maps discovered:
D:1:      kennysheep_arrival_seaside, layout_loops_corners, serial_shops,
          nicolae_shop_peninsula, minivault_11
D:2:      layout_rooms, serial_shops, shop, dilly_ecumenical_altar_fadedgnrine,
          grunt_decor_clamped, nicolae_titane
D:3:      layout_basic
D:4:      layout_rooms, slow_altar_1
D:5:      minmay_octagon_keep, layout_rooms, minmay_temple_entry_arrows,
          uniq_crazy_yiuf_cottage
D:6:      layout_loops_ring, due_unseen_surprise
D:7:      layout_cave_pods, kennysheep_mini
D:8:      minmay_ornate_pinched, layout_gridville,
          chequers_temple_overflow_minitemple, old_standard_altar,
          enter_bailey_3, serial_rivers, chequers_serial_rivers_micro_c,
          chequers_serial_rivers_micro_b, chequers_serial_rivers_room_b,
          chequers_serial_rivers_marsh, chequers_serial_rivers_micro_a,
          gammafunk_ghost_arena, uniq_jeremiah, uniq_grum
D:9:      layout_small_grid, serial_shops, shop, uniq_joseph
D:10:     layout_basic, david_lair_generic, minmay_orc_entry_temple_small,
          monkooky_shop_alliterative
Temple:   nicolae_temple_bog_church

Skill      XL: |  1  2  3  4  5  6  7  8  9 10 |
---------------+-------------------------------+-----
Stealth        | 2 3 |  3.0
Air Magic      | 1 2 3 |  3.0
Alchemy        | 4 5 6 7 |  7.0
Spellcasting   | 3 4 5 6 |  6.0
Fighting       | 2 3 4 6 7 |  7.0
Conjurations   | 2 3 4 |  4.0
Invocations    | 2 4 6 |  6.0
Dodging        | 5 |  5.0
Fire Magic     | 3 6 7 |  7.2
Throwing       | 3 |  3.0
Maces & Flails | 2 |  2.0

Action                     |  1- 3 |  4- 6 |  7- 9 | 10-12 || total
---------------------------+-------+-------+-------+-------++-------
  Melee: Whip              |     8 |       |       |       ||     8
         Dagger            |     8 |    56 |   111 |    77 ||   252
         Headbutt          |     1 |    10 |    18 |    22 ||    51
         Punch             |       |     2 |     3 |       ||     5
  Throw: Dart              |       |     1 |       |    13 ||    14
   Cast: Sting             |    66 |   135 |   170 |    39 ||   410
         Mercury Vapours   |       |    25 |    55 |    36 ||   116
         Mephitic Cloud    |       |       |    10 |    30 ||    40
         Ignite Poison     |       |       |    14 |    32 ||    46
         Olgreb's Toxic Ra |       |       |       |     7 ||     7
    Use: Potion            |       |     1 |     5 |     5 ||    11
         Scroll            |       |     4 |     5 |     3 ||    12
 Armour: Robe              |    21 |    64 |   194 |    94 ||   373
         Skin              |       |       |    14 |       ||    14
  Dodge: Dodged            |    23 |    70 |   174 |   113 ||   380

Table legend: (Time is in decaauts)
 A = Elapsed time spent in this place.
 B = Non-inter-level travel time spent in this place.
 C = Inter-level travel time spent in this place.
 D = Time resting spent in this place.
 E = Time spent auto-exploring this place.
 F = Levels seen in this place.
 G = Mean time per level.
                   A        B        C        D        E       F      G
               +--------+--------+--------+--------+--------+-----+--------+
         Total |  12336 |  11786 |    550 |   2088 |   7347 |  12 | 1028.0 |
       Dungeon |  11764 |  11273 |    491 |   1867 |   7329 |  10 | 1176.4 |
        Temple |     98 |     39 |     59 |      0 |      0 |   1 |   98.0 |
        Bailey |    472 |    472 |      0 |    221 |     18 |   1 |  472.0 |
               +--------+--------+--------+--------+--------+-----+--------+

Top non-repeatable levels by time:
     D:6: 1591 daAuts
     D:5: 1485 daAuts
     D:7: 1455 daAuts
     D:1: 1446 daAuts
     D:3: 1377 daAuts
     D:2: 1213 daAuts
     D:8: 1062 daAuts
     D:9: 887 daAuts
     D:4: 850 daAuts
  Bailey: 472 daAuts
    D:10: 393 daAuts
  Temple: 98 daAuts
